 Dungeon Crawl Stone Soup version 0.32-a0-814-g0968bab981 (webtiles) character file.

Game seed: 13173172401298204568

8181 croobank the Summoner (level 11, -2/58 HPs)
             Began as a Felid Summoner on Mar 23, 2024.
             Was a Priest of Kikubaaqudgha.
             Slain by a warg (21 damage)
             ... on level 10 of the Dungeon.
             The game lasted 00:46:05 (12327 turns).

croobank the Summoner (Felid Summoner)             Turns: 12327, Time: 00:46:05

Health: -2/58      AC:  2    Str:  4    XL:     11   Next: 6%
Magic:  21/22      EV: 20    Int: 23    God:    Kikubaaqudgha [***...]
Gold:   660        SH:  0    Dex: 17    Spells: 2/24 levels left
                                        Lives:  0   Deaths: 4

rFire   . . .        (weapon unavailable)
rCold   . . .        (shield unavailable)
rNeg    . . .        (body armour unavailable)
rPois   .            (helmet unavailable)
rElec   .            (cloak unavailable)
rCorr   +            (gloves unavailable)
SInv    +            (boots unavailable)
Will    +....        e - amulet of the acrobat
Stlth   ++++         p - ring of wizardry
HPRegen 0.29/turn    s - ring of resist corrosion
MPRegen 0.18/turn

%: acrobat, wizardry (x1)
@: brilliant, animating dead, unable to call your familiar
A: very small, claws 1, fangs 3, see invisible, shaggy fur 2, stealthy paws, no
weapons or thrown items, no armour, multi-lived
a: Renounce Religion, Unearth Wretches


You were on level 10 of the Dungeon.
You worshipped Kikubaaqudgha.
Kikubaaqudgha was most pleased with you.
You visited 2 branches of the dungeon, and saw 11 of its levels.
You also visited: Ossuary.

You collected 660 gold pieces.

Inventory:

Jewellery
 e - an amulet of the acrobat (around neck)
 l - an amulet of faith
 p - a ring of wizardry (left paw)
 s - a ring of resist corrosion (right paw)
 v - a +6 ring of strength
Wands
 c - a wand of paralysis (8)
 m - a wand of roots (16)
 n - a wand of light (6)
Scrolls
 b - 3 scrolls of teleportation
 f - a scroll of fear
 g - a scroll of noise
 h - 7 scrolls of vulnerability
 w - a scroll of poison
 x - a scroll of identify
Potions
 a - a potion of enlightenment
 d - 7 potions of mutation
 i - a potion of haste
 j - 2 potions of attraction
 k - a potion of magic
 o - 2 potions of brilliance
 q - 2 potions of ambrosia
 r - a potion of degeneration {unknown}
 t - 2 potions of lignification
 u - a potion of cancellation {unknown}


   Skills:
 + Level 6.8 Fighting
 - Level 6.6 Dodging
 - Level 6.8 Stealth
 + Level 7.0 Spellcasting
 + Level 8.5 Summonings
 * Level 1.1 Necromancy
 - Level 4.5 Fire Magic
 - Level 7.4 Air Magic


You had 2 spell levels left.
You knew the following spells:

 Your Spells              Type           Power      Damage    Failure   Level
a - Summon Small Mammal   Summ           100%       N/A       1%          1
b - Call Imp              Summ           100%       N/A       1%          2
c - Call Canine Familiar  Summ           63%        N/A       1%          3
d - Summon Blazeheart Go  Fire/Summ      55%        N/A       2%          4
e - Summon Lightning Spi  Summ/Air       61%        N/A       1%          4
A - Animate Dead          Necr           20%        N/A       19%         4
N - Anguish               Hex/Necr       8%         N/A       24%         4

Your spell library contained the following spells:

 Spells                   Type           Power      Damage    Failure   Level
 Necrotise                Necr           80%        1d8       1%          1
 Kiss of Death            Conj/Necr      64%        2d10      2%          1
 Apportation              Tloc           24%        N/A       3%          1
 Sandblast                Erth           24%        2d8       3%          1
 Sublimation of Blood     Necr           20%        N/A       3%          2
 Jinxbite                 Hex            24%        N/A       4%          2
 Mephitic Cloud           Conj/Alch/Air  29%        N/A       3%          3
 Martyr's Knell           Necr/Summ      45%        N/A       4%          4
 Vampiric Draining        Necr           20%        2d7       6%          3
 Confusing Touch          Hex            12%        N/A       9%          3
 Dazzling Flash           Conj/Hex       24%        N/A       9%          3
 Stone Arrow              Conj/Erth      24%        3d8       9%          3
 Teleport Other           Tloc           12%        N/A       9%          3
 Dispel Undead            Necr           20%        3d11      19%         4
 Silence                  Hex/Air        18%        N/A       19%         5
 Brom's Barrelling Bould  Conj/Erth      12%        2d4       28%         4
 Curse of Agony           Necr           20%        N/A       45%         5
 Alistair's Intoxication  Alch           8%         N/A       61%         5
 Death Channel            Necr           10%        N/A       95%         6


Dungeon Overview and Level Annotations

Branches:
Dungeon (10/15)            Temple (1/1) D:6            Lair (0/5) D:8
Ossuary (visited)
    Orc: D:9-12

Altars:
Ashenzari
Cheibriados
Dithmenos
Fedhas
Gozag
Hepliaklqana
Kikubaaqudgha
Makhleb
Nemelex Xobeh
Okawaru
Qazlal
Ru
Sif Muna
Trog
Uskayaw
Vehumet
Wu Jian
Xom
Yredelemnul
Zin
The Shining One

Shops:
D:10 *

Annotations:
D:2 1 runed translucent door, Crazy Yiuf


Innate Abilities, Weirdness & Mutations

You have sharp claws.
You have razor-sharp teeth.
You have supernaturally acute eyesight. (SInv)
You are covered in thick fur. (AC +2)
Your paws help you pounce on unaware monsters.
You are incapable of wielding weapons or throwing items.
You cannot wear armour.
You gain extra lives every three experience levels.


Message History

You feel clever all of a sudden.
Your bat hits the orc wizard but does no damage.
The orc wizard casts a spell at your cerulean imp.
Your cerulean imp easily resists.
Casting: Summon Small Mammal (safe; 1% risk of failure)
Confirm with . or Enter, or press ? or * to list all spells.
You feel a surge of power!
A fiery spirit appears, bound in slag iron.
The warg misses you.
Your bat closely misses the orc wizard.
The orc hits your blazeheart golem with a +0 hand axe.
The orc barely misses your bat.
The orc wizard gestures at your cerulean imp while chanting.
The puff of flame hits your cerulean imp.
The orc wizard hits you with a +0 dagger.
The warg bites you but does no damage.
Your bat hits the orc wizard but does no damage.
You swap places.
Your bat hits the orc wizard but does no damage.
Your bat closely misses the orc wizard.
The warg completely misses you.
The orc hits your blazeheart golem with a +0 hand axe.
The orc hits your bat with a +0 hand axe.
The orc wizard misses you.
The orc wizard hits your cerulean imp with a +0 dagger.
You miss the orc wizard.
The orc wizard is severely wounded.
Your bat closely misses the orc wizard.
The warg closely misses you.
Your bat barely misses the warg.
The orc hits your blazeheart golem but does no damage.
The orc wizard hits your cerulean imp with a +0 dagger.
The warg closely misses you.
You closely miss the orc wizard.
The orc wizard is severely wounded.
Your bat barely misses the orc wizard.
Your bat hits the orc wizard.
The orc hits your blazeheart golem but does no damage.
The warg bites you! The orc wizard closely misses you.
The orc wizard hits your cerulean imp with a +0 dagger.
Magic courses through your body.
Your bat misses the orc wizard. The warg bites you!!
You die...
Kikubaaqudgha rasps: You have failed me!
Welcome... death!

#.........####.#
#...>..........#
#.........###..#
#.........#
#.#####...# #.#
#...# #.# #...#
########.# #.5.#
.........# #oh@#
########.# #bo9#
#.# #..o# #.#
#..<# #.# #..)#
#.# #...# #.#
#...# #.# #...#
#...#


You could see a warg, 2 orc wizards, an orc, a friendly blazeheart golem
(summoned), a friendly cerulean imp (summoned) and a friendly bat (summoned).

Vanquished Creatures
  A two-headed ogre (D:8)
  An unseen horror (D:10)
  A hornet (D:8)
  A nameless horror (D:4)
  Prince Ribbit (D:5)
  A wyvern (D:9)
  Duvessa (D:7)
  A water moccasin (D:10)
  An orc warrior (D:6)
  2 ice beasts
  An ogre (D:4)
  A centaur (D:8)
  A kobold brigand (D:7)
  Blork the orc (D:6)
  A gnoll sergeant (D:9)
  A bullfrog (D:9)
  5 wights
  Dowan (D:7)
  11 killer bees
  A spectral scorpion (Ossuary)
  A gnoll bouda (D:9)
  A hound (D:5)
  An iguana (D:6)
  A mummy (Ossuary)
  A gnoll (D:9)
  2 adders
  A white imp (D:7)
  An adder zombie (Ossuary)
  7 orcs
  2 bats (D:1)
  2 endoplasms
  A giant cockroach (D:3)
  A hobgoblin (D:1)
  2 quokkas
  A ball python (D:3)
  A gnoll zombie (Ossuary)
  A jackal zombie (Ossuary)
  A kobold (D:2)
  An orc zombie (Ossuary)
  2 rats (D:3)
66 creatures vanquished.

Vanquished Creatures (collateral kills)
  Erica (D:9)
  3 nameless horrors
  Sigmund (D:5)
  2 yaks (D:9)
  A wyvern (D:10)
  2 steam dragons (D:8)
  2 black bears
  2 ice beasts
  4 centaurs
  A kobold brigand (D:9)
  A weeping skull (Ossuary)
  4 bullfrogs
  2 gnoll sergeants
  6 scorpions
  7 water moccasin zombies (Ossuary)
  4 wights
  10 killer bees
  3 bombardier beetles
  2 orc priests (D:10)
  3 hounds (D:5)
  Jessica (D:2)
  An orc wizard (D:10)
  Natasha (thrice) (D:2)
  5 iguanas
  A sleepcap (D:7)
  A bullfrog simulacrum (Ossuary)
  A crocodile zombie (Ossuary)
  7 adders
  17 gnolls
  2 shadow imps
  2 white imps
  2 ufetubi (D:6)
  3 adder zombies (Ossuary)
  A ribbon worm (D:3)
  4 dart slugs
  14 orcs
  3 bats
  5 endoplasms
  5 gnoll zombies (Ossuary)
  6 hobgoblins
  2 jackals (D:3)
  15 kobolds
  A quokka (D:1)
  3 frilled lizards
  3 goblins
  3 jackal zombies (Ossuary)
  3 orc zombies (Ossuary)
  A rat (D:1)
176 creatures vanquished.

Vanquished Creatures (others)
  A wyvern zombie (D:10)
  27 blazeheart cores
28 creatures vanquished.

Grand Total: 270 creatures vanquished

Notes
Turn   | Place    | Note
-------+----------+-------------------------------------------
     0 | D:1      | croobank the Felid Summoner began the quest for the Orb.
     0 | D:1      | Reached XP level 1. HP: 9/9 MP: 4/4
   235 | D:1      | Found a faded altar of an unknown god.
   249 | D:1      | Reached XP level 2. HP: 13/13 MP: 4/6
   252 | D:1      | Learned a level 2 spell: Call Imp
  1222 | D:2      | Reached XP level 3. HP: 16/16 MP: 3/7
  1481 | D:2      | Noticed Natasha
  1493 | D:2      | Killed Natasha
  1494 | D:2      | Reached XP level 4. HP: 12/21 MP: 4/8
  1494 | D:2      | Gained a life (2 lives remaining)
  1498 | D:2      | Learned a level 3 spell: Call Canine Familiar
  1767 | D:2      | Noticed Natasha
  1784 | D:2      | Killed Natasha
  1978 | D:2      | Noticed Jessica
  1982 | D:2      | Killed Jessica
  2210 | D:2      | Found a runed translucent door.
  2211 | D:2      | Noticed Crazy Yiuf
  2245 | D:2      | Noticed Natasha
  2252 | D:2      | Killed Natasha
  2253 | D:2      | Reached XP level 5. HP: 24/24 MP: 2/10
  2400 | D:3      | Found a shadowy altar of Dithmenos.
  2808 | D:3      | Learned a level 4 spell: Summon Blazeheart Golem
  2954 | D:3      | Noticed a nameless horror
  2967 | D:3      | Slain by a nameless horror
  2967 | D:3      | Lost a life (1 life remaining)
  3069 | D:3      | Noticed a nameless horror
  3809 | D:4      | Found a blossoming altar of Fedhas.
  4037 | D:4      | Found an iron altar of Okawaru.
  4062 | D:4      | Noticed an ogre
  4067 | D:4      | Reached skill level 1 in Fire Magic
  4067 | D:4      | Gained mutation: You are covered in thick fur. (AC +2)
                  | [Felid growth]
  4067 | D:4      | Reached XP level 6. HP: 29/29 MP: 0/11
  4084 | D:4      | Reached skill level 1 in Fighting
  4084 | D:4      | Reached skill level 5 in Summonings
  4185 | D:4      | Reached skill level 5 in Stealth
  4240 | D:4      | Noticed a nameless horror
  4267 | D:4      | Killed a nameless horror
  4281 | D:4      | Reached skill level 5 in Dodging
  4482 | D:4      | Reached XP level 7. HP: 21/33 MP: 6/13
  4482 | D:4      | Gained a life (2 lives remaining)
  4731 | D:5      | Entered Level 5 of the Dungeon
  5055 | D:5      | Found a broken altar of Ashenzari.
  5077 | D:5      | Noticed a +0 hand axe
  5077 | D:5      | Noticed a +0 dagger
  5081 | D:5      | Found a hide-covered altar of Uskayaw.
  5119 | D:5      | Noticed Prince Ribbit
  5162 | D:5      | Found a sand-covered staircase.
  5168 | Ossuary  | Entered an ossuary
  5386 | Ossuary  | Reached XP level 8. HP: 39/39 MP: 9/15
  5683 | Ossuary  | Noticed a nameless horror
  5720 | Ossuary  | HP: 1/40 [nameless horror[miscasting Summon Blazeheart
                  | Golem] (14)]
  5755 | Ossuary  | Slain by a nameless horror
  5755 | Ossuary  | Lost a life (1 life remaining)
  5891 | D:5      | Reached skill level 6 in Summonings
  6309 | D:5      | Got Paweihos's Codex of Discontinuous Abhorrent Secrets
  6422 | D:5      | Noticed Sigmund
  6437 | D:4      | Learned a level 4 spell: Summon Lightning Spire
  6642 | D:5      | Found an opulent altar of Gozag.
  6653 | D:5      | Identified the +9 long sword of Blood-Lust {heavy, Str+7}
  6762 | D:5      | Killed Sigmund
  6763 | D:5      | Reached skill level 1 in Air Magic
  7019 | D:3      | Killed a nameless horror
  7078 | D:3      | Killed a nameless horror
  7405 | D:5      | Killed Prince Ribbit
  7406 | D:5      | Reached XP level 9. HP: 45/45 MP: 6/17
  7566 | D:6      | Found a staircase to the Ecumenical Temple.
  7580 | Temple   | Entered the Ecumenical Temple
  7588 | Temple   | Became a worshipper of Kikubaaqudgha
  7664 | D:6      | Reached skill level 5 in Spellcasting
  7893 | D:6      | Noticed Blork the orc
  7909 | D:6      | Killed Blork the orc
  8174 | D:6      | Found a bloodstained altar of Trog.
  8672 | D:7      | Reached * piety under Kikubaaqudgha
  8672 | D:7      | Received a gift from Kikubaaqudgha
  8992 | D:7      | Found a sparkling altar of Nemelex Xobeh.
  9024 | D:7      | Reached skill level 7 in Summonings
  9030 | D:7      | Noticed Dowan
  9031 | D:7      | Noticed Duvessa
  9039 | D:7      | Killed Dowan
  9039 | D:7      | Killed Duvessa
  9040 | D:7      | Reached skill level 5 in Fighting
  9045 | D:7      | Slain by a wight
  9045 | D:7      | Lost a life (0 lives remaining)
  9421 | D:8      | Found a staircase to the Lair.
  9435 | D:8      | Reached skill level 5 in Air Magic
  9454 | D:8      | Found a hazy altar of Hepliaklqana.
  9505 | D:8      | Noticed a two-headed ogre
  9510 | D:8      | Killed a two-headed ogre
  9511 | D:8      | Reached XP level 10. HP: 51/51 MP: 13/20
  9511 | D:8      | Gained a life (1 life remaining)
  9547 | D:8      | Slain by a killer bee
  9547 | D:8      | Lost a life (0 lives remaining)
  9638 | D:8      | Reached ** piety under Kikubaaqudgha
 10046 | D:8      | Found an ornate altar of the Wu Jian Council.
 10238 | D:8      | Found a basalt altar of Yredelemnul.
 10410 | D:9      | Noticed Erica
 10420 | D:9      | Killed Erica
 10421 | D:9      | Reached skill level 8 in Summonings
 11735 | D:10     | Entered Level 10 of the Dungeon
 12021 | D:10     | Found Zidav's Serpentskin Sales.
 12063 | D:10     | Reached *** piety under Kikubaaqudgha
 12063 | D:10     | Received a gift from Kikubaaqudgha
 12071 | D:10     | Reached XP level 11. HP: 58/58 MP: 11/22
 12144 | D:10     | Learned a level 4 spell: Animate Dead
 12149 | D:10     | Learned a level 4 spell: Anguish
 12288 | D:10     | Reached skill level 1 in Necromancy
 12327 | D:10     | Slain by a warg

Illustrated notes

Levels and vault maps discovered:
D:1:      minmay_arrival_plants_in_alcoves, layout_loops_ring,
          hellmonk_ecumenical_altar_slurped_away, serial_forest,
          infiniplex_forest_end_1, infiniplex_forest_straight_4,
          infiniplex_forest_lined_2, infiniplex_forest_join,
          infiniplex_forest_clump_double, infiniplex_forest_lined_3,
          infiniplex_forest_end_2, infiniplex_forest_clump_double,
          grunt_decor_resistance
D:2:      layout_loops_ring, minmay_tromino_i4, uniq_crazy_yiuf_cottage,
          uniq_natasha, uniq_jessica
D:3:      layout_loops_ring, mainiacjoe_overflow_concentric_impassable
D:4:      layout_rooms, mainiacjoe_overflow_alcove_2, fedhas_altar_1,
          serial_bayou, serial_bayou_crossing, serial_bayou_pond_a,
          serial_bayou_ford_a, serial_bayou_shore_a
D:5:      cheibrodos_two_vegetables, layout_loops_cross,
          mainiacjoe_overflow_cross_hatched, ashenzari_conservatory_becter,
          dancing_weapons_uskayaw, nicolae_ossuary_entry_monument,
          kennysheep_decorative_pillar, dreamdust_mushroom_princess,
          chequers_serial_rivers_small_b, uniq_sigmund, uniq_prince_ribbit1
D:6:      layout_basic, trog_butcher_becter, minmay_temple_entry_offerings,
          serial_curves, eino_curves_04, eino_curves_01, serial_park_tiny_pond,
          uniq_blork_the_orc
D:7:      layout_cave_pools, mainiacjoe_overflow_paths, uniq_duvessa
D:8:      layout_cave_pools, lemuel_crystal_altar, nicolae_wu_jian_wuxing_cycle,
          lemuel_round_altar, dpeg_oklobed_lair, serial_glass, glass_columns_b,
          glass_columns_b, glass_columns_a, glass_columns_a, glass_columns_a,
          glass_columns_b, glass_columns_a, glass_columns_b
D:9:      layout_basic, minmay_misc_feat_five, dreamdust_gnoll_shepherd,
          uniq_erica
D:10:     layout_long_grid, lemuel_round_altar, david_orc_3,
          ebering_ghost_reflecting_pool, guppyfry_shop_venom
Temple:   nicolae_temple_two_arcs

Skill      XL: |  1  2  3  4  5  6  7  8  9 10 11 |
---------------+----------------------------------+-----
Stealth        | 3 4 5 6 |  6.8
Dodging        | 3 4 5 6 |  6.6
Spellcasting   | 3 4 6 7 |  7.0
Fire Magic     | 1 2 3 4 |  4.5
Fighting       | 1 2 3 5 6 |  6.8
Summonings     | 5 6 7 8 |  8.5
Air Magic      | 2 5 7 |  7.4
Necromancy     | 1 |  1.1

Action                     |  1- 3 |  4- 6 |  7- 9 | 10-12 || total
---------------------------+-------+-------+-------+-------++-------
  Melee: Unarmed           |    21 |    69 |   115 |    26 ||   231
         Bite              |     2 |     3 |    14 |     4 ||    23
         Punch             |       |     1 |       |       ||     1
   Cast: Summon Small Mamm |    32 |    29 |    47 |    13 ||   121
         Call Imp          |     5 |    23 |    30 |    13 ||    71
         Call Canine Famil |       |    19 |    29 |    12 ||    60
         Summon Blazeheart |       |     1 |    23 |    19 ||    43
         Summon Lightning  |       |       |     5 |     9 ||    14
         Animate Dead      |       |       |       |     3 ||     3
  Evoke: Wand              |       |       |     3 |     1 ||     4
    Use: Scroll            |       |    13 |     8 |     4 ||    25
         Potion            |       |     4 |     3 |     4 ||    11
   Stab: Sleeping          |     1 |     4 |     7 |       ||    12
         Distracted        |       |       |     3 |     1 ||     4
         Paralysed         |       |       |     4 |       ||     4
 Armour: Skin              |    15 |    43 |    69 |    41 ||   168
  Dodge: Dodged            |    24 |    69 |   182 |   127 ||   402

Table legend: (Time is in decaauts)
 A = Elapsed time spent in this place.
 B = Non-inter-level travel time spent in this place.
 C = Inter-level travel time spent in this place.
 D = Time resting spent in this place.
 E = Time spent auto-exploring this place.
 F = Levels seen in this place.
 G = Mean time per level.
                   A        B        C        D        E       F      G
               +--------+--------+--------+--------+--------+-----+--------+
         Total |  12405 |  12001 |    404 |   2823 |   5917 |  12 | 1033.8 |
       Dungeon |  11730 |  11334 |    396 |   2588 |   5917 |  10 | 1173.0 |
        Temple |     16 |      8 |      8 |      0 |      0 |   1 |   16.0 |
       Ossuary |    657 |    657 |      0 |    235 |      0 |   1 |  657.0 |
               +--------+--------+--------+--------+--------+-----+--------+

Top non-repeatable levels by time:
     D:5: 1721 daAuts
     D:3: 1626 daAuts
     D:9: 1365 daAuts
     D:2: 1274 daAuts
     D:4: 1125 daAuts
     D:1: 1107 daAuts
     D:6: 1040 daAuts
     D:8: 990 daAuts
     D:7: 928 daAuts
 Ossuary: 657 daAuts
    D:10: 551 daAuts
  Temple: 16 daAuts
